 Dungeon Crawl Stone Soup version 0.31.0-9-g3a7656b989 (webtiles) character file.

Game seed: 10486811361135135109

68 qw the Shooter (level 4, -2/22 HPs)
             Began as a Spriggan Hunter on Feb 2, 2024.
             Slain by Natasha (6 damage)
             ... on level 2 of the Dungeon.
             The game lasted 00:00:07 (1076 turns).

qw the Shooter (Spriggan Hunter)                    Turns: 1076, Time: 00:00:07

Health: -2/22      AC:  2    Str:  7    XL:     4   Next: 1%
Magic:  5/5        EV: 19    Int: 10    God:
Gold:   88         SH:  0    Dex: 20    Spells: 3/3 levels left

rFire   . . .        a - +0 shortbow
rCold   . . .        (shield currently unavailable)
rNeg    . . .        c - +0 robe
rPois   .            (helmet restricted)
rElec   .            (no cloak)
rCorr   .            (gloves unavailable)
SInv    +            (boots unavailable)
Will    .....        d - amulet of regeneration
Stlth   ++           (no ring)
HPRegen 1.03/turn    (no ring)
MPRegen 0.09/turn

%: no passive effects
@: slowed, quick
A: very small, no large weapons, unfitting armour, see invisible, speed 3
a: no special abilities


You were on level 2 of the Dungeon.
You visited 1 branch of the dungeon, and saw 2 of its levels.

You collected 88 gold pieces.


Innate Abilities, Weirdness & Mutations

You are very small and have problems with some larger weapons.
You are too small for most types of armour.
You have supernaturally acute eyesight. (SInv)
You cover ground extremely quickly. (Speed+++)


   Skills:
 - Level 1.5 Fighting
 - Level 5.0 Ranged Weapons
 + Level 4.3 Dodging
 - Level 1.5 Stealth


You had 3 spell levels left.
You didn't know any spells.
Your spell library was empty.

Inventory:

Hand Weapons
 a - a +0 shortbow (weapon)
Armour
 c - a +0 robe (worn)
Jewellery
 d - an amulet of regeneration (around neck)
Scrolls
 b - a scroll of fog {unknown}
 f - a scroll of enchant weapon {unknown}
Potions
 e - a potion of brilliance {unknown}
 i - a potion of heal wounds {unknown}

Dungeon Overview and Level Annotations

Branches:
Dungeon (2/15)

Altars:

Annotations:
D:2 Natasha


Message History

1066 ||| RETREEEEATING.
Enter note:
Enter note:
1067 ||| RETREEEEATING.
The cerulean imp hits you with a +1 spear.
The cerulean imp attacks as it pursues you!
The cerulean imp hits you from afar with a +0 spear.
Enter note:
1068 ||| RETREEEEATING.
The cerulean imp barely misses you.
Enter note:
1069 ||| RETREEEEATING.
The cerulean imp closely misses you. Natasha attacks as she pursues you!
Natasha claws you.
The cerulean imp hits you but does no damage.
Enter note:
1070 ||| RETREEEEATING.
You shoot an arrow. The arrow barely misses Natasha.
Natasha completely misses you. The cerulean imp misses you.
Natasha barely misses you.
Enter note:
Enter note:
1072 ||| RETREEEEATING.
The cerulean imp hits you from afar with a +0 spear.
Enter note:
1073 ||| RETREEEEATING.
Natasha misses you.
The cerulean imp attacks as it pursues you!
The cerulean imp misses you.
Enter note:
1074 ||| RETREEEEATING.
Natasha hisses.
Natasha attacks as she pursues you! Natasha misses you.
You shoot an arrow. The arrow barely misses Natasha.
Natasha closely misses you. The cerulean imp barely misses you.
Enter note:
1076 ||| RETREEEEATING.
Natasha attacks as she pursues you! Natasha claws you! Natasha claws you.
You die...
Natasha begins licking her fur clean.

#.......#.......# #...#
#...............####...#
#......................#
#....8.8........####...#
###...<.....>...# ##.##
#..8.8....<...# #.# .
#........##.#######.# .
#........##... ..##.# ..
#.##.###@#######.##.###..
#..#..##h# #.##...%.#
##...5.5.# #.#..#...#
##.<#.#### #....#.###
#.55#..##### #..#...#
#.5.##.....# #.%#..##
#.....#.######.#####..#.##
###.#.#.# #..>.##..#.#
#.#.... ####..#....###


You could see Natasha and a cerulean imp (summoned).

Vanquished Creatures
  A gnoll (D:1)
  An adder (D:1)
  2 dart slugs (D:1)
  6 ball pythons
  2 endoplasms (D:1)
  2 giant cockroaches
  4 goblins
  2 hobgoblins
  7 jackals (D:1)
  4 kobolds
  A quokka (D:1)
  4 bats
  2 frilled lizards (D:1)
  4 rats
42 creatures vanquished.

Notes
Turn   | Place    | Note
-------+----------+-------------------------------------------
     0 | D:1      | qw the Spriggan Hunter began the quest for the Orb.
     0 | D:1      | Reached XP level 1. HP: 10/10 MP: 2/2
     0 | D:1      | 0 ||| qw: Version: 0.3-a-155-g5e7d8dd
     0 | D:1      | 0 ||| qw: Game counter: 1144
     0 | D:1      | 0 ||| qw: Melee chars always use a shield: true
     0 | D:1      | 0 ||| qw: God list: Okawaru
     0 | D:1      | 0 ||| qw: Allow faded altars: false
     0 | D:1      | 0 ||| qw: Do Orc after clearing Dungeon:15 true
     0 | D:1      | 0 ||| qw: Do second Lair branch before Depths: true
     0 | D:1      | 0 ||| qw: Lair rune preference: random
     0 | D:1      | 0 ||| qw: Goals: Normal
     0 | D:1      | 0 ||| PLANNING D:1-11
    34 | D:1      | Reached skill level 3 in Dodging
    50 | D:1      | Reached XP level 2. HP: 8/14 MP: 3/3
   294 | D:1      | Reached XP level 3. HP: 18/18 MP: 4/4
   761 | D:1      | 761 ||| UPGRADING to amulet of regeneration.
   766 | D:1      | 766 ||| DROPPING amulet of magic regeneration.
   767 | D:1      | 767 ||| DROPPING +6 ring of intelligence.
   768 | D:1      | 768 ||| READING scroll labelled SUTITW MUURCH.
   768 | D:1      | 768 ||| ENCHANTING +0 shortbow.
   769 | D:1      | 769 ||| READING 2 scrolls labelled AWOTHIZXOCLUS.
   769 | D:1      | 769 ||| IDENTIFYING fizzy purple potion
   770 | D:1      | 770 ||| READING scroll of identify.
   770 | D:1      | 770 ||| IDENTIFYING cyan potion
   771 | D:1      | 771 ||| DROPPING scroll of butterflies.
   772 | D:1      | 772 ||| DROPPING potion of degeneration.
   773 | D:1      | 773 ||| DROPPING potion of magic.
   815 | D:2      | 815 ||| STAIRDANCE
   877 | D:2      | 877 ||| STAIRDANCE
   881 | D:2      | 881 ||| STAIRDANCE
   891 | D:2      | Reached skill level 5 in Ranged Weapons
  1049 | D:2      | Noticed Natasha
  1053 | D:2      | Reached XP level 4. HP: 22/22 MP: 5/5
  1066 | D:2      | 1066 ||| RETREEEEATING.
  1067 | D:2      | 1067 ||| RETREEEEATING.
  1068 | D:2      | 1068 ||| RETREEEEATING.
  1069 | D:2      | 1069 ||| RETREEEEATING.
  1070 | D:2      | 1070 ||| RETREEEEATING.
  1072 | D:2      | 1072 ||| RETREEEEATING.
  1073 | D:2      | 1073 ||| RETREEEEATING.
  1074 | D:2      | 1074 ||| RETREEEEATING.
  1076 | D:2      | 1076 ||| RETREEEEATING.
  1076 | D:2      | HP: 4/22 [Natasha (9)]
  1076 | D:2      | Slain by Natasha

Levels and vault maps discovered:
D:1:      kennysheep_arrival_seaside, layout_loops_ring
D:2:      layout_rooms, basic_altar, st_stairs_14, uniq_jessica, uniq_natasha

Skill      XL: |  1  2  3 |
---------------+----------+-----
Dodging        | 4 |  4.3
Ranged Weapons | 5 |  5.0
Fighting       | |  1.5
Stealth        | |  1.5

Action                     |  1- 3 |  4- 6 || total
---------------------------+-------+-------++-------
   Fire: Shortbow          |   117 |    15 ||   132
    Use: Scroll            |     3 |       ||     3
 Armour: Robe              |    16 |    14 ||    30
  Dodge: Dodged            |    50 |    31 ||    81

Table legend:
 A = Non-vault XP
 B = Vault XP
 C = Vault XP percentage of total XP
 D = Non-vault monster count
 E = Vault monster count
 F = Vault count percentage of total count
                 A         B        C        D         E       F
            +---------+---------+-------+---------+---------+-------
      Total |      95 |       3 |   3.1 |      39 |       3 |   7.1
            +---------+---------+-------+---------+---------+-------
        D:1 |      83 |       2 |   2.4 |      32 |       2 |   5.9
        D:2 |      12 |       1 |   7.7 |       7 |       1 |  12.5
            +---------+---------+-------+---------+---------+-------
